 Dungeon Crawl Stone Soup version 0.26.1-11-gd32895ea62 (webtiles) character file.

Game seed: 6979967521741078706

101 Descartes the Chucker (level 4, -1/41 HPs)
             Began as a Troll Hunter on June 25, 2021.
             Killed from afar by an orc wizard (8 damage)
             ... with a magic dart
             ... on level 4 of the Dungeon.
             The game lasted 00:05:49 (2497 turns).

Descartes the Chucker (Troll Hunter)                Turns: 2497, Time: 00:05:50

Health: -1/41      AC:  6    Str: 20    XL:     4   Next: 48%
Magic:  3/3        EV: 10    Int: 14    God:
Gold:   215        SH:  0    Dex: 10    Spells: 3/3 levels left

rFire    . . .     SeeInvis .     - Unarmed
rCold    . . .     Faith    .   (no shield)
rNeg     . . .     Spirit   .   b - +0 robe
rPois    .         Reflect  .   (helmet restricted)
rElec    .         Harm     .   (no cloak)
rCorr    .         Rampage  .   (gloves unavailable)
Will     .....                  (boots unavailable)
Stlth    +.........             (no amulet)
HPRegen  0.53/turn              l - +6 ring of intelligence
MPRegen  0.08/turn              (no ring)

@: confused
A: large, unfitting armour, claws 3, regeneration 1, shaggy fur 1, tough skin 3
a: no special abilities


You were on level 4 of the Dungeon.
You visited 1 branch of the dungeon, and saw 4 of its levels.

You collected 215 gold pieces.

Inventory:

Hand Weapons
 y - a +3 vampiric dagger
 z - a +0 hunting sling
Missiles
 c - 5 large rocks (quivered)
 d - 2 throwing nets
 m - 38 sling bullets
 o - 106 stones
 p - 11 boomerangs
 s - 14 bolts
 t - 16 arrows
Armour
 b - a +0 robe (worn)
Jewellery
 l - a +6 ring of intelligence (left claw)
 r - an uncursed amulet of guardian spirit {unknown}
Wands
 v - a wand of disintegration (12)
 w - a wand of iceblast (10)
 x - a wand of polymorph (7)
Scrolls
 a - 7 scrolls of identify {unknown}
 e - 2 scrolls of remove curse {unknown}
 f - a scroll of random uselessness {unknown}
 g - 2 scrolls of magic mapping {unknown}
 h - 3 scrolls of teleportation {unknown}
 k - a scroll of amnesia {unknown}
 A - a scroll of enchant weapon {unknown}
 C - a scroll of noise {unknown}
Potions
 i - a potion of flight {unknown}
 j - 2 potions of might {unknown}
 n - a potion of brilliance {unknown}
 q - a potion of heal wounds {unknown}
 u - a potion of curing {unknown}
 B - a potion of haste {unknown}


   Skills:
 - Level 1.5 Fighting
 - Level 3.6 Throwing
 + Level 3.0 Dodging
 - Level 0.3 Stealth
 + Level 2.8 Unarmed Combat


You had 3 spell levels left.
You didn't know any spells.
Your spell library was empty.

Dungeon Overview and Level Annotations

Branches:
Dungeon (4/15)
 Temple: D:4-7

Altars:
Fedhas
Okawaru


Innate Abilities, Weirdness & Mutations

You are too large for most types of armour.
You have claws for hands.
Your natural rate of healing is unusually fast.
You are covered in fur. (AC +1)
You have extremely tough skin. (AC +3)


Message History

The howler monkey hoots and howls with incredible vigour!
You hear a bark!
The howler monkey hoots and howls with incredible vigour!
You hear some strange, mumbled words.
You are confused.
You bump into the rock wall.
A magic dart appears from out of thin air!
The magic dart hits you.
The howler monkey hoots and howls with incredible vigour!
You barely miss the howler monkey.
The howler monkey is heavily wounded.
The howler monkey hits you!
* * * LOW HITPOINT WARNING * * *
You miss something. The howler monkey hits you.
* * * LOW HITPOINT WARNING * * *
The adder barely misses you.
You hear some strange, mumbled words.
A magic dart appears from out of thin air!
The magic dart hits you!
You die...

########.#
#.........
##.<..##..
#..........
#..........
#.....####?
#....####
##....#.#.
###@{.......
#.#Sh.......
##..B........
###.......[....
##......$.....##
...............#
.....##.....#.##
......[.....#.#
..#...>)....# .


You could see a howler monkey (catching breath), an adder and a giant cockroach.

Vanquished Creatures
  Robin (D:3)
  An adder (D:2)
  A worm (D:2)
  2 dart slugs (D:1)
  2 leopard geckos (D:1)
  2 orcs (D:4)
  2 giant cockroaches
  14 goblins
  12 hobgoblins
  4 jackals (D:1)
  A quokka (D:2)
  A ball python (D:2)
  6 bats
  4 frilled lizards
  4 kobolds
  7 rats
64 creatures vanquished.

Vanquished Creatures (others)
  A plant (D:4)
1 creature vanquished.

Grand Total: 65 creatures vanquished

Notes
Turn   | Place    | Note
-------+----------+-------------------------------------------
     0 | D:1      | Descartes the Troll Hunter began the quest for the Orb.
     0 | D:1      | Reached XP level 1. HP: 19/19 MP: 0/0
   124 | D:1      | Reached skill level 1 in Unarmed Combat
   125 | D:1      | Reached XP level 2. HP: 11/27 MP: 1/1
   606 | D:1      | Reached XP level 3. HP: 31/33 MP: 2/2
   900 | D:2      | Found a blossoming altar of Fedhas.
  1160 | D:2      | Found an iron altar of Okawaru.
  1881 | D:3      | Reached XP level 4. HP: 41/41 MP: 3/3
  1991 | D:3      | Noticed Robin
  2037 | D:3      | Killed Robin
  2497 | D:4      | Killed from afar by an orc wizard

Illustrated notes

Levels and vault maps discovered:
D:1:      doesnt_arrival_eight_statues, layout_basic, serial_rivers,
          chequers_serial_rivers_micro_a, chequers_serial_rivers_room_b,
          chequers_serial_rivers_small_3, chequers_serial_rivers_large_b
D:2:      layout_basic, okawaru_ov_weapons_minmay, serial_forest,
          infiniplex_forest_clump_diagonal, infiniplex_forest_clump_small,
          infiniplex_forest_end_2, infiniplex_forest_straight_2,
          infiniplex_forest_lined_4_way, fedhas_altar_fruit_tree
D:3:      layout_basic, kennysheep_minor_cross, uniq_robin
D:4:      layout_cave_pools, gammafunk_temple_overflow_forgotten, temple_pool_b,
          grunt_dithmenos_smoke, uniq_crazy_yiuf_cottage

Skill      XL: |  1  2  3  4 |
---------------+-------------+-----
Unarmed Combat | 1 2 |  2.8
Dodging        | 2 3 |  3.0
Fighting       | |  1.5
Throwing       | |  3.6
Stealth        | |  0.3

Action                   |  1- 3 |  4- 6 || total
-------------------------+-------+-------++-------
Melee: Unarmed           |   131 |    57 ||   188
 Stab: Sleeping          |     1 |     1 ||     2
Armor: Robe              |    75 |    27 ||   102
Dodge: Dodged            |    72 |    27 ||    99
